 Dungeon Crawl Stone Soup version 0.26-a0-1053-gaff5f71418 (webtiles) character file.

Game seed: 16260404755170659471

6482 tilp the Grappler (level 11, -14/105 HPs)
             Began as an Ogre Transmuter on Dec 12, 2020.
             Was an Initiate of Gozag.
             Shot with an arrow by a centaur warrior (22 damage)
             ... on level 10 of the Dungeon.
             The game lasted 00:26:44 (14704 turns).

tilp the Grappler (Ogre Transmuter)                Turns: 14704, Time: 00:26:44

Health: -14/105    AC:  6    Str: 16    XL:     11   Next: 0%
Magic:  0/20       EV: 21    Int: 17    God:    Gozag
Gold:   1172       SH:  0    Dex: 14    Spells: 7/22 levels left

rFire    . . .     SeeInvis .     - Unarmed
rCold    . . .     Faith    .   (shield currently unavailable)
rNeg     . . .     Spirit   +   (armour currently unavailable)
rPois    x         Reflect  .   (helmet currently unavailable)
rElec    .         Harm     .   (cloak currently unavailable)
rCorr    .         Rampage  .   (gloves unavailable)
Will     ++...                  (boots unavailable)
Stlth    +.........             d - amulet of guardian spirit
HPRegen  0.27/turn              j - +4 ring of protection
MPRegen  0.17/turn              B - ring of willpower

@: spider-form
A: tiny, unfitting armour
a: End Transformation, Potion Petition, Call Merchant, Bribe Branch, Renounce
Religion


You were on level 10 of the Dungeon.
You worshipped Gozag.
Gozag was most pleased with you.
You were a venomous arachnid creature.
You visited 1 branch of the dungeon, and saw 10 of its levels.
You also visited: Ossuary.

You collected 1878 gold pieces.
You spent 660 gold pieces at shops.
You paid 46 gold pieces to Gozag.

Inventory:

Missiles
 b - 309 stones
 f - 14 boomerangs
 g - 76 poisoned darts (quivered)
 C - a throwing net
Armour
 a - a +1 robe (melded)
 l - a +2 cloak (melded)
Magical Staves
 F - a cursed staff of fire {unknown}
Jewellery
 d - an amulet of guardian spirit (around neck)
 j - a +4 ring of protection (left front leg)
 o - an uncursed ring of fire
 p - an uncursed ring of ice
 q - an uncursed amulet of regeneration
 B - a ring of willpower (right front leg)
Wands
 e - a wand of iceblast (5)
 n - a wand of disintegration (10)
 t - a wand of acid (8)
 E - a wand of flame (2)
Scrolls
 c - 9 scrolls of remove curse
 i - 6 scrolls of blinking
 m - 3 scrolls of magic mapping
 y - 3 scrolls of identify
 D - 2 scrolls of immolation
Potions
 h - a potion of resistance
 k - 2 potions of curing
 r - a potion of berserk rage
 s - a potion of attraction {unknown}
 u - a potion of might
 v - 4 potions of heal wounds
 w - 2 potions of invisibility
 x - 3 potions of haste
 z - 2 potions of lignification


   Skills:
 - Level 6.0 Fighting
 - Level 4.0 Dodging
 + Level 8.4 Unarmed Combat
 - Level 6.0 Spellcasting
 + Level 8.4 Transmutations
 - Level 4.0 Ice Magic
 - Level 2.0 Poison Magic
 - Level 4.0 Evocations


You had 7 spell levels left.
You knew the following spells:

 Your Spells              Type           Power        Failure   Level
a - Beastly Appendage     Tmut           ####..       3%          1
b - Wereblood             Tmut           ####....     4%          2
c - Spider Form           Tmut/Pois      ###.......   14%         3
d - Ice Form              Ice/Tmut       ####....     24%         4
e - Blade Hands           Tmut           ####......   28%         5

Your spell library contained the following spells:

 Spells                   Type           Power        Failure   Level


Dungeon Overview and Level Annotations

Branches:
Dungeon (10/15)            Temple (0/1) D:6            Lair (0/6) D:8
Ossuary (visited)
    Orc: D:9-12

Altars:
Gozag
Sif Muna
Trog
Xom
Zin
The Shining One

Shops:
D:4 *   D:9 =

Annotations:
D:9 2 transporters, sanka's ghost, journeyman SpEn


Innate Abilities, Weirdness & Mutations

You are too large for most types of armour.
((You have tough skin. (AC +1)))


Message History

You hit the centaur warrior.
The centaur warrior is poisoned.
The centaur warrior is lightly wounded.
The centaur warrior hits you! x2
* * * LOW HITPOINT WARNING * * *
You barely miss the centaur warrior.
The centaur warrior is lightly wounded.
The centaur warrior hits you!
* * * LOW HITPOINT WARNING * * *
The centaur warrior wields a +0 shortbow.
The centaur warrior shoots an arrow.
The arrow hits you!
* * * LOW HITPOINT WARNING * * *
You see here 4 arrows.
The centaur warrior shoots an arrow.
The arrow closely misses you.
The centaur warrior shoots an arrow.
The arrow hits you!
* * * LOW HITPOINT WARNING * * *
You see here 2 arrows.
The centaur warrior looks more healthy.
The centaur warrior shoots an arrow.
The arrow hits you!!
You die...
Your body crumbles into a pile of gold.

##########
#........#
#........+
#........#
#........#
#........#
#...<....#
##'#######
#.s###
##..(###
###.c.#
###T# #.#


ZTZ ..... ....... ......... You could see a centaur warrior and a troll.

Vanquished Creatures
  A two-headed ogre (D:9)
  A harpy (shapeshifter) (D:9)
  Pikel (D:8)
  Maurice (D:9)
  A yak (D:8)
  Grum (D:8)
  Menkaure (D:4)
  3 water moccasins (D:8)
  2 black bears
  4 orc warriors
  2 sky beasts
  4 ice beasts
  An ogre (D:4)
  2 wolves (D:8)
  5 centaurs
  7 bullfrogs
  A gnoll sergeant (D:9)
  2 wyvern skeletons
  2 scorpions
  2 lava snakes (D:8)
  2 howler monkeys (D:9)
  2 hounds
  A centaur skeleton (D:9)
  4 jellies
  5 orc priests
  A bullfrog skeleton (D:4)
  An iguana (D:5)
  7 orc wizards
  8 worker ants
  A big kobold zombie (Ossuary)
  8 mummies (Ossuary)
  2 worker ant zombies
  9 gnolls
  14 adders
  4 white imps
  2 ufetubi
  An adder skeleton (D:4)
  6 worms
  3 dart slugs
  A leopard gecko (D:1)
  21 orcs
  8 giant cockroaches
  A gnoll zombie (Ossuary)
  8 goblins
  10 hobgoblins
  13 jackals
  8 kobolds
  5 quokkas
  3 ball pythons
  7 bats
  6 frilled lizards
  2 kobold zombies (Ossuary)
  4 orc zombies (Ossuary)
  A quokka skeleton (D:7)
  8 rats
231 creatures vanquished.

Vanquished Creatures (others)
  A wizard (D:5)
  An orc wizard (D:5)
  46 fungi (D:8)
  53 plants (D:8)
101 creatures vanquished.

Grand Total: 332 creatures vanquished

Notes
Turn   | Place    | Note
-------+----------+-------------------------------------------
     0 | D:1      | tilp the Ogre Transmuter began the quest for the Orb.
     0 | D:1      | Reached XP level 1. HP: 19/19 MP: 3/3
   157 | D:1      | Reached XP level 2. HP: 20/27 MP: 3/5
   166 | D:1      | Learned a level 2 spell: Wereblood
   660 | D:1      | Reached XP level 3. HP: 35/35 MP: 4/6
  1580 | D:1      | Learned a level 3 spell: Spider Form
  1591 | D:2      | Reached XP level 4. HP: 35/42 MP: 5/7
  1956 | D:2      | Found a glowing silver altar of Zin.
  2580 | D:2      | Found a glowing golden altar of the Shining One.
  2791 | D:3      | Reached XP level 5. HP: 49/49 MP: 6/8
  3638 | D:3      | Found an opulent altar of Gozag.
  3696 | D:3      | Became a worshipper of Gozag Ym Sagoz the Greedy
  3886 | D:4      | Noticed Menkaure
  3979 | D:4      | Noticed an ogre
  3987 | D:4      | Killed an ogre
  3988 | D:4      | Reached skill level 1 in Poison Magic
  3988 | D:4      | Reached XP level 6. HP: 25/57 MP: 8/10
  4077 | D:4      | Reached skill level 1 in Evocations
  4361 | D:4      | Killed Menkaure
  4362 | D:4      | Reached XP level 7. HP: 65/65 MP: 10/12
  4522 | D:4      | Found Tehuih's Assorted Antiques.
  4525 | D:4      | Bought a scroll of identify for 60 gold pieces
  4525 | D:4      | Bought a scroll of identify for 60 gold pieces
  5071 | D:4      | Learned a level 4 spell: Ice Form
  5097 | D:5      | Entered Level 5 of the Dungeon
  5611 | D:5      | Found a bloodstained altar of Trog.
  5730 | D:5      | Reached skill level 5 in Transmutations
  5749 | D:5      | HP: 3/65 [orc wizard/+0 war axe (6)]
  6353 | D:5      | Noticed a wizard
  6356 | D:5      | Killed a wizard
  6539 | D:6      | Found a staircase to the Ecumenical Temple.
  6676 | D:6      | Reached XP level 8. HP: 49/72 MP: 11/14
  7613 | D:6      | Found a shimmering altar of Xom.
  7781 | D:7      | Found a sand-covered staircase.
  7813 | Ossuary  | Entered an ossuary
  8856 | D:7      | Reached skill level 5 in Unarmed Combat
  9132 | D:7      | Reached XP level 9. HP: 44/79 MP: 6/15
 10006 | D:7      | Found a shimmering blue altar of Sif Muna.
 10434 | D:8      | Noticed Grum
 10458 | D:8      | Reached skill level 1 in Ice Magic
 10468 | D:8      | Killed Grum
 10793 | D:8      | Reached skill level 5 in Spellcasting
 11303 | D:8      | Found a staircase to the Lair.
 11331 | D:8      | Noticed Pikel
 11343 | D:8      | Killed Pikel
 11344 | D:8      | Reached skill level 5 in Fighting
 11344 | D:8      | Reached XP level 10. HP: 63/96 MP: 9/19
 13006 | D:9      | Noticed a harpy
 13022 | D:9      | Killed a harpy
 13215 | D:9      | Learned a level 5 spell: Blade Hands
 13412 | D:9      | Found Kucethrog's Jewellery Emporium.
 13458 | D:9      | Found a transporter.
 13519 | D:9      | Bought a +4 ring of protection for 540 gold pieces
 13630 | D:9      | Noticed sanka's ghost (journeyman SpEn)
 13889 | D:9      | Noticed a two-headed ogre
 13903 | D:9      | Killed a two-headed ogre
 13930 | D:9      | Noticed Maurice
 13967 | D:9      | Killed Maurice
 14393 | D:9      | Found a transporter.
 14659 | D:10     | Entered Level 10 of the Dungeon
 14669 | D:10     | Reached XP level 11. HP: 100/105 MP: 20/20
 14695 | D:10     | Noticed a centaur warrior
 14704 | D:10     | Shot with an arrow by a centaur warrior

Illustrated notes

Levels and vault maps discovered:
D:1:      wheals_arrival_linesprint, layout_basic, kennysheep_flooded_box,
          minmay_3d_cube
D:2:      layout_basic, overflow_temple_1_default, tso_altar
D:3:      layout_loops_corners, grunt_gozag_breadcrumbs, kennysheep_donut
D:4:      layout_loops_ring, serial_shops, shop, uniq_menkaure
D:5:      layout_loops_ring, trog_wizard
D:6:      layout_gridville, minmay_temple_entry_proselytizer,
          serial_park_tiny_1, xom_teletrap_fun
D:7:      layout_loops_ring, led_sif_book, nicolae_ossuary_entry_ruins,
          grunt_ministairs_9, minmay_misc_feat_room, nicolae_benzene_ring,
          nrook_campfire
D:8:      layout_gridville, due_lair_maze_entry_diamond,
          kennysheep_pointless_box, uniq_pikel, uniq_grum
D:9:      layout_cross, gammafunk_ghost_mausoleum, serial_shops,
          nicolae_shop_waterfront, uniq_maurice
D:10:     layout_roguey, serial_shops, nicolae_shop_statue_plus,
          blue_anna_alchemist [blue_anna_fruit_fields, blue_anna_fruit_fields]

Skill      XL: |  1  2  3  4  5  6  7  8  9 10 |
---------------+-------------------------------+-----
Transmutations | 2 3 4 5 7 8 |  8.4
Dodging        | 2 3 4 |  4.0
Fighting       | 2 5 6 |  6.0
Unarmed Combat | 3 4 5 6 8 |  8.4
Poison Magic   | 1 2 |  2.0
Spellcasting   | 3 4 6 |  6.0
Evocations     | 1 3 4 |  4.0
Ice Magic      | 2 4 |  4.0

Action                   |  1- 3 |  4- 6 |  7- 9 | 10-12 || total
-------------------------+-------+-------+-------+-------++-------
Melee: Unarmed           |   125 |   154 |   437 |   198 ||   914
       Kick              |    16 |    29 |    63 |    25 ||   133
       Headbutt          |    15 |    11 |    41 |    23 ||    90
       Punch             |       |     2 |     8 |       ||    10
Throw: Stone             |       |    16 |    13 |       ||    29
       Dart              |       |    33 |    33 |     3 ||    69
 Cast: Beastly Appendage |    20 |    22 |    43 |    18 ||   103
       Wereblood         |     2 |     1 |     6 |     5 ||    14
       Spider Form       |       |       |    13 |    11 ||    24
       Ice Form          |       |       |       |     1 ||     1
 Abil: End Transformatio |       |       |       |     1 ||     1
Evoke: Wand              |       |     2 |     7 |     5 ||    14
  Use: Scroll            |     3 |     3 |    15 |     6 ||    27
       Potion            |       |       |     2 |       ||     2
 Stab: Sleeping          |       |       |     1 |       ||     1
Armor: Robe              |    42 |    38 |    77 |    51 ||   208
       Skin              |       |       |     1 |     3 ||     4
Dodge: Dodged            |    61 |    74 |   239 |   139 ||   513

Table legend: (Time is in decaauts)
 A = Elapsed time spent in this place.
 B = Non-inter-level travel time spent in this place.
 C = Inter-level travel time spent in this place.
 D = Time resting spent in this place.
 E = Time spent auto-exploring this place.
 F = Levels seen in this place.
 G = Mean time per level.
                   A        B        C        D        E       F      G
               +--------+--------+--------+--------+--------+-----+--------+
         Total |  14632 |  14194 |    438 |   4467 |   7397 |  11 | 1330.2 |
       Dungeon |  13911 |  13473 |    438 |   4117 |   7275 |  10 | 1391.1 |
       Ossuary |    720 |    720 |      0 |    350 |    122 |   1 |  720.0 |
               +--------+--------+--------+--------+--------+-----+--------+

Top non-repeatable levels by time:
     D:8: 2862 daAuts
     D:7: 1880 daAuts
     D:1: 1529 daAuts
     D:9: 1435 daAuts
     D:6: 1331 daAuts
     D:5: 1279 daAuts
     D:2: 1201 daAuts
     D:4: 1191 daAuts
     D:3: 1156 daAuts
 Ossuary: 720 daAuts
    D:10: 43 daAuts
